 Dungeon Crawl Stone Soup version 0.31-a0-844-gdc52ec4e09 (webtiles) character file.

Game seed: 7379634787429422728

161 Kurtz the Chopper (level 5, -1/37 HPs)
             Began as an Octopode Fighter on Sept 30, 2023.
             Slain by a killer bee (2 damage)
             ... on level 4 of the Dungeon.
             The game lasted 00:02:28 (2791 turns).

Kurtz the Chopper (Octopode Fighter)                Turns: 2791, Time: 00:02:29

Health: -1/37      AC:  1    Str: 16    XL:     5   Next: 42%
Magic:  5/5        EV: 13    Int: 10    God:
Gold:   159        SH:  4    Dex: 13    Spells: 4/4 levels left

rFire   . . .        s - +0 war axe (flame)
rCold   . . .        b - +0 buckler
rNeg    . . .        (helmet restricted)
rPois   .            (no amulet)
rElec   .            (no ring)
rCorr   .            (no ring)
SInv    .            (no ring)
Will    .....        (no ring)
Stlth   ++           (no ring)
HPRegen 0.26/turn    (no ring)
MPRegen 0.09/turn    (no ring)
                     (no ring)

%: no passive effects
@: attractive
A: almost no armour, amphibious, 8 rings, camouflage 1, gelatinous body 1,
(nimble swimmer 1), tentacles
a: no special abilities


You were on level 4 of the Dungeon.
You visited 1 branch of the dungeon, and saw 4 of its levels.

You collected 159 gold pieces.

Inventory:

Hand Weapons
 a - a +0 war axe
 s - a +0 war axe of flaming (weapon)
Missiles
 f - 3 javelins (quivered)
 p - 4 poisoned darts
Armour
 b - a +0 buckler (worn)
Jewellery
 d - a ring of magical power
 g - a ring of magical power
Wands
 j - a wand of polymorph (10)
Scrolls
 e - a scroll of blinking {unknown}
 h - 6 scrolls of identify {unknown}
 i - a scroll of immolation {unknown}
 l - a scroll of teleportation {unknown}
 m - a scroll of enchant armour {unknown}
 q - a scroll of acquirement {unknown}
Potions
 c - a potion of might
 k - a potion of attraction
 n - 2 potions of curing {unknown}
 o - 2 potions of mutation {unknown}
 r - a potion of resistance {unknown}
 t - a potion of lignification {unknown}


   Skills:
 * Level 3.9 Fighting
 * Level 4.7 Axes
 * Level 3.1 Dodging
 - Level 3.0 Shields


You had 4 spell levels left.
You didn't know any spells.
Your spell library was empty.

Dungeon Overview and Level Annotations

Branches:
Dungeon (4/15)
 Temple: D:4-7

Altars:
The Shining One

Shops:
D:3 =

Annotations:
D:2 1 runed translucent door, Crazy Yiuf
D:3 3 runed translucent doors, Bravepunisher's ghost, weakling SpMo


Innate Abilities, Weirdness & Mutations

You cannot wear most types of armour.
You are amphibious.
You can wear up to eight rings at the same time.
Your skin changes colour to match your surroundings (Stealth+).
Your rubbery body absorbs attacks. (AC +1, EV +1)
((You are camouflaged when in or above water. (Stealth+)))
You have tentacles for arms and can constrict up to eight enemies at once.


Message History

An adder comes into view.
The adder hisses angrily.
You block the adder's attack.
An adder is nearby!
You completely miss the adder. You grab the adder. You constrict the adder.
The adder bites you. x2
You slash the adder! You burn the adder.
You kill the adder!
You see here an adder corpse.
o - 2 sedimented cyan potions (gained 1) As you open the large door, it creaks loudly!
Found a glowing golden altar of the Shining One.
Found an escape hatch in the floor.
No target in view!
A killer bee comes into view.
A killer bee is nearby!
A killer bee is nearby!
A killer bee comes into view.
The killer bee buzzes angrily.
You closely miss the killer bee. Your grab misses the killer bee.
Your squeeze misses the killer bee. The killer bee closely misses you.
The killer bee completely misses you. The killer bee stings you.
You barely miss the killer bee. Your grab misses the killer bee.
Your squeeze misses the killer bee. The killer bee stings you! x2
You miss the killer bee. Your grab misses the killer bee.
The killer bee barely misses you. The killer bee misses you.
The killer bee barely misses you.
Unknown command.
You closely miss the killer bee. Your grab misses the killer bee.
The killer bee stings you. The killer bee closely misses you.
The killer bee stings you!
* * * LOW HITPOINT WARNING * * *
It was a potion of attraction.
You feel attractive to monsters. The killer bee misses you.
The killer bee stings you.
* * * LOW HITPOINT WARNING * * *
Okay, then.
You barely miss the killer bee. Your grab misses the killer bee.
The killer bee closely misses you. The killer bee stings you.
You die...

##### . #...# ##. #...#
... ####...#### #.##.#
#.........## #......
#..........#########...#
#.........@y........#
###.##''##.########.#
#.#≈≈≈≈#.# #.#
####.#≈>.§#.# #..
#....#≈§_§#.### .##y
#.#..#≈≈§≈#...###### ..
#.#..######........# ..
######.#..........#####.#
..# .......#.##.......#


You could see a killer bee.

Vanquished Creatures
  Terence (D:2)
  An orc wizard (D:4)
  2 adders
  A dart slug (D:1)
  11 orcs
  5 ball pythons
  9 bats
  6 endoplasms
  2 giant cockroaches (D:2)
  5 goblins
  8 hobgoblins
  6 quokkas
  4 frilled lizards
  4 kobolds
  8 rats
73 creatures vanquished.

Notes
Turn   | Place    | Note
-------+----------+-------------------------------------------
     0 | D:1      | Kurtz the Octopode Fighter began the quest for the Orb.
     0 | D:1      | Reached XP level 1. HP: 16/16 MP: 1/1
   182 | D:1      | Reached XP level 2. HP: 19/21 MP: 2/2
   192 | D:1      | Found a faded altar of an unknown god.
   917 | D:2      | Reached XP level 3. HP: 26/26 MP: 3/3
   944 | D:2      | Reached skill level 3 in Axes
  1194 | D:2      | Noticed Terence
  1201 | D:2      | Killed Terence
  1202 | D:2      | Reached XP level 4. HP: 28/32 MP: 4/4
  1276 | D:2      | Found a runed translucent door.
  1277 | D:2      | Noticed Crazy Yiuf
  1807 | D:3      | Reached skill level 4 in Axes
  2152 | D:3      | Noticed Bravepunisher's ghost (weakling SpMo)
  2261 | D:3      | Found a runed translucent gate.
  2261 | D:3      | Found a runed translucent gate.
  2262 | D:3      | Found a runed translucent gate.
  2344 | D:3      | Found Feroiwn's Jewellery Shop.
  2544 | D:4      | Reached XP level 5. HP: 37/37 MP: 5/5
  2763 | D:4      | Found a glowing golden altar of the Shining One.
  2790 | D:4      | HP: 1/37 [killer bee (6)]
  2791 | D:4      | Slain by a killer bee

Illustrated notes

Levels and vault maps discovered:
D:1:      heliophobic_arrival_enchanted_forest, layout_basic,
          basic_ecumenical_altar, hangedman_decor_growths,
          nicolae_twisty_statue_hallways
D:2:      layout_rooms, minmay_increasing_density, uniq_crazy_yiuf_cottage,
          uniq_terence
D:3:      layout_loops_ring, gammafunk_ghost_icy, serial_shops,
          nicolae_shop_tiny_real_fake_doors
D:4:      layout_loops_ring, lemuel_doored_altar, general_overflow_altar,
          serial_shops, shop, ebering_ghost_gozag

Skill      XL: |  1  2  3  4 |
---------------+-------------+-----
Axes           | 3 4 |  4.7
Fighting       | |  3.9
Dodging        | |  3.1
Shields        | |  3.0

Action                     |  1- 3 |  4- 6 || total
---------------------------+-------+-------++-------
  Melee: War axe           |    67 |    64 ||   131
         Constrict         |    16 |    13 ||    29
         Tentacles         |     4 |     8 ||    12
         Punch             |       |     1 ||     1
    Use: Potion            |       |     1 ||     1
   Stab: Sleeping          |    12 |     4 ||    16
 Armour: Skin              |    21 |    32 ||    53
  Dodge: Dodged            |    49 |    32 ||    81
  Block: Buckler           |    10 |     6 ||    16

Table legend: (Time is in decaauts)
 A = Elapsed time spent in this place.
 B = Non-inter-level travel time spent in this place.
 C = Inter-level travel time spent in this place.
 D = Time resting spent in this place.
 E = Time spent auto-exploring this place.
 F = Levels seen in this place.
 G = Mean time per level.
                   A        B        C        D        E       F      G
               +--------+--------+--------+--------+--------+-----+--------+
         Total |   2838 |   2660 |    178 |     40 |   2116 |   4 |  709.5 |
       Dungeon |   2838 |   2660 |    178 |     40 |   2116 |   4 |  709.5 |
               +--------+--------+--------+--------+--------+-----+--------+

Top non-repeatable levels by time:
     D:1: 910 daAuts
     D:3: 836 daAuts
     D:2: 829 daAuts
     D:4: 261 daAuts
